 Dungeon Crawl Stone Soup version 0.14.2 (webtiles) character file.

900 FuckCats the Insei (level 7, -2/56 HPs)
             Began as a Mummy Monk on Feb 4, 2016.
             Slain by a necrophage
             ... wielding a cursed -2,+0 spear
              (7 damage)
             ... on Level 5 of the Dungeon.
             The game lasted 00:20:17 (10623 turns).

FuckCats the Insei (Mummy Monk)                    Turns: 10623, Time: 00:20:17

HP  -2/56        AC  2     Str 14      XL: 7   Next: 47%
MP   7/7         EV 15     Int  9      God:
Gold 159         SH  0     Dex 16      Spells:  0 memorised,  6 levels left

rFire  x . .     SeeInvis +       - Unarmed
rCold  + . .     Clarity  .     (no armour)
rNeg   + + +     Conserve .     (no shield)
rPois  +         rCorr    .     e - +1 helmet
rElec  .         rRot     +     (no cloak)
SustAb . .       Spirit   .     (no gloves)
rMut   .         Warding  .     (no boots)
Saprov . . .     Stasis   .     (no amulet)
MR     .....                    (no ring)
                                a - ring of see invisible

@: not resistant to hostile enchantments, fairly stealthy
A: no food or potions, fire vulnerability, restore body, cold resistance 1, life
protection 3, poison resistance, torment resistance, unbreathing
a: no special abilities


You were on level 5 of the Dungeon.
You were not hungry.

You visited 1 branch of the dungeon, and saw 6 of its levels.

You collected 159 gold pieces.


Innate Abilities, Weirdness & Mutations

You do not eat or drink.
Your flesh is vulnerable to fire.
Your flesh is cold resistant.
You are immune to negative energy.
Your system is resistant to poisons.
You are immune to unholy pain and torment.
You can survive without breathing.


   Skills:
 - Level 5.1 Fighting
 + Level 4.9 Dodging
 - Level 1.5 Stealth
 - Level 5.2 Unarmed Combat


You had 6 spell levels left.
You didn't know any spells.

Inventory:

Armour
 e - a +1 helmet (worn)
Magical devices
 i - a wand of confusion (16) {unknown}
Scrolls
 b - a scroll of remove curse {unknown}
 c - a scroll of teleportation
 d - a scroll of enchant weapon III {unknown}
 f - a scroll of random uselessness {unknown}
 h - a scroll of identify
 j - a scroll of recharging
 k - a scroll of immolation {!r}
 m - a scroll of fear
Jewellery
 a - a ring of see invisible (left hand)
 g - an uncursed amulet of stasis {unknown}

Dungeon Overview and Level Annotations

Branches:
Dungeon (6/15)             Temple (0/1) D:5

Altars:
Ashenzari
Kikubaaqudgha
Sif Muna
Xom

Annotations:
D:3 !sky beast & Ogre, exclusion: downstairs
D:5 exclusions: downstairs, phantom and 18 more exclusions
D:6 Dowan, Duvessa

▒▒▒ ▒▒▒·▒▒ ▒▒▒▒▒▒
▒▒····▒▒▒·▒▒·▒▒
▒······▒······▒ ·▒
▒▒······▒·▒▒▒▒▒ ▒▒··▒
▒▒▒▒▒▒·▒·▒▒·▒▒8▒▒▒▒▒▒▒8▒▒··
▒▒·▒▒·····n·▒▒···▒▒♣▒▒···▒▒▒
▒··········W▒_·▒·)'·'··▒·_▒·
▒▒·▒·······M▒▒···▒▒·▒▒···▒▒·
▒▒▒·········▒▒8▒▒♣·♣▒▒8▒▒··
▒▒·········▒▒▒▒▒'▒▒▒▒▒···
▒▒▒························
▒▒·▒▒·····················▒·
▒·······················▒▒▒·
▒▒······················▒▒··
▒▒····················▒▒▒▒·
▒▒········[··········▒ ▒·


You could see a wraith and a necrophage.


Message History

* * * LOW HITPOINT WARNING * * *
You hit the wraith but do no damage.
The wraith is heavily damaged.
The wraith hits you!
* * * LOW HITPOINT WARNING * * *
You hit the wraith but do no damage.
The wraith is heavily damaged.
The wraith closely misses you.
You hit the wraith.
The wraith is heavily damaged.
You hit the wraith but do no damage.
The wraith is heavily damaged.
The wraith completely misses you.
You barely miss the wraith.
The wraith is heavily damaged.
The wraith barely misses you.
You hit the wraith.
The wraith is severely damaged.
The wraith hits you!
* * * LOW HITPOINT WARNING * * *
You hit the wraith.
The wraith is severely damaged.
The wraith hits you.
* * * LOW HITPOINT WARNING * * *
A necrophage comes into view. It is wielding a spear.
The necrophage closely misses you.
Really walk into a travel-excluded area?
The necrophage barely misses you.
The necrophage hits you from afar with a spear!
You die...

Action                   |  1- 3 |  4- 6 |  7- 9 || total
-------------------------+-------+-------+-------++-------
Melee: Unarmed           |   187 |   297 |    70 ||   554
  Use: Scroll            |       |    11 |       ||    11
 Stab: Sleeping          |     3 |     1 |       ||     4

Vault maps used:
D:1:      lemuel_arrival_rhombus
D:2:      serial_bayou_pond_d
D:4:      first_bread, st_stairs_12
D:5:      amethyst_overflow_temple_binary, kennysheep_mini,
          minmay_temple_entry_glass, hangedman_feature_mirror
D:6:      basic_altar, grunt_ministairs_9, uniq_duvessa, uniq_prince_ribbit1,
          uniq_grinder

Notes
Turn   | Place    | Note
--------------------------------------------------------------
     0 | D:1      | FuckCats, the Mummy Monk, began the quest for the Orb.
     0 | D:1      | Reached XP level 1. HP: 18/18 MP: 1/1
   238 | D:1      | Reached XP level 2. HP: 13/24 MP: 2/2
   502 | D:1      | AND THEN HE PUT ON THE AMULET
   890 | D:2      | Reached skill level 4 in Unarmed Combat
  1240 | D:2      | Reached XP level 3. HP: 26/29 MP: 3/3
  4089 | D:3      | Reached XP level 4. HP: 22/35 MP: 4/4
  4319 | D:2      | HP: 1/35 [goblin/club (3)]
  5070 | D:4      | Reached skill level 5 in Unarmed Combat
  5242 | D:4      | Reached XP level 5. HP: 37/41 MP: 5/5
  6107 | D:4      | Noticed an ogre
  6129 | D:4      | Noticed a sky beast
  6131 | D:4      | Reached skill level 4 in Fighting
  6461 | D:3      | You fall through a shaft!
  6461 | D:5      | Entered Level 5 of the Dungeon
  6461 | D:5      | Noticed an ice beast
  6572 | D:4      | HP: 4/42 [ball python (1)]
  7223 | D:3      | HP: 4/43 [orc wizard/puff of frost (3)]
  7226 | D:3      | Reached XP level 6. HP: 4/49 MP: 6/6
  7505 | D:3      | who even NEEDS recharging
  8001 | D:4      | Reached skill level 5 in Fighting
  9000 | D:4      | Reached skill level 3 in Dodging
  9147 | D:5      | Found a shattered altar of Ashenzari.
  9147 | D:5      | Noticed a wraith
  9189 | D:5      | Killed an ice beast
  9189 | D:5      | Reached XP level 7. HP: 20/56 MP: 7/7
  9438 | D:5      | Found an ancient bone altar of Kikubaaqudgha.
  9446 | D:5      | Found a deep blue altar of Sif Muna.
  9599 | D:5      | Reached skill level 4 in Dodging
  9743 | D:5      | Found a staircase to the Ecumenical Temple.
  9752 | D:5      | Not even once
  9773 | D:5      | Noticed a centaur
  9791 | D:5      | Killed a centaur
 10000 | D:5      | Noticed an ogre
 10031 | D:5      | Killed an ogre
 10222 | D:5      | Found a shimmering altar of Xom.
 10279 | D:5      | Noticed a phantom
 10367 | D:6      | Noticed Dowan
 10368 | D:6      | Noticed a wraith
 10369 | D:6      | Noticed Duvessa
 10380 | D:6      | WHERE ARE ALL THESE WRAIHS COMING FROM
 10609 | D:5      | HP: 2/56 [wraith (6)]
 10623 | D:5      | Slain by a necrophage

Vanquished Creatures
  An ogre (D:5)
  An ice beast (D:5)
  A centaur (D:5)
  An iguana (D:5)
  An orc priest (D:4)
  A hound (D:4)
  3 orc wizards
  5 worker ants (D:4)
  4 gnolls
  2 adders (D:4)
  A giant mite (D:4)
  5 worms
  2 oozes
  10 orcs
  3 giant cockroaches
  8 goblins
  11 hobgoblins
  12 kobolds
  2 ball pythons
  11 bats
  3 giant newts
  A goblin zombie (D:5)
  3 jackals (D:3)
  A jackal skeleton (D:4)
  A kobold skeleton (D:5)
  A quokka (D:4)
  9 rats
104 creatures vanquished.
